 Dungeon Crawl Stone Soup version 0.13-a0-2485-g242ae62 (webtiles) character file.

396 JogiH the Magician (level 5, -3/43 HPs)
             Began as a Djinni Wizard on July 21, 2013.
             Was an Initiate of Sif Muna.
             Killed by divine providence
             ... invoked by an orc priest
              (13 damage)
             ... on Level 4 of the Dungeon.
             The game lasted 00:14:01 (4814 turns).

JogiH the Magician (Djinni Wizard)                  Turns: 4814, Time: 00:14:01

HP  -3/43        AC  2     Str  7      XL: 5   Next: 34%
MP   0/0         EV 12     Int 19      God: Sif Muna [......]
Gold 214         SH  0     Dex 12      Spells:  4 memorised,  4 levels left

Res.Fire  : + + +   See Invis. : .   p - +0,-2 mace (curse)
Res.Cold  : x . .   Warding    : .   a - +0 robe
Life Prot.: + + +   Conserve   : .   (no shield)
Res.Poison: .       Res.Corr.  : .   b - +0 wizard hat
Res.Elec. : .       Clarity    : .   (no cloak)
Sust.Abil.: . .     Spirit.Shd : .   (no gloves)
Res.Mut.  : .       Stasis     : .   (boots unavailable)
Res.Rott. : .       Flight     : .   (no amulet)
Saprovore : . . .                    (no ring)
                                     (no ring)

@: slightly resistant to hostile enchantments, unstealthy
A: no striking features
a: Renounce Religion


You were on level 4 of the Dungeon.
You worshipped Sif Muna.
Sif Muna was pleased with you.
You were not hungry.

You visited 1 branch of the dungeon, and saw 4 of its levels.

You collected 194 gold pieces.

Inventory:

Hand weapons
 p - a cursed +0,-2 mace (weapon)
 u - a +1,+0 sling of evasion
 w - a +1,+0 elven short sword of holy wrath
Armour
 a - a +0 robe (worn)
 b - a +0 wizard hat (worn)
Scrolls
 d - a scroll of amnesia {unknown}
 e - a scroll of magic mapping
 j - a scroll of curse armour {unknown}
 k - a scroll of random uselessness
 l - a scroll of noise {unknown}
 n - 2 scrolls of fog
 o - a scroll of identify {unknown}
 q - a scroll of teleportation {unknown}
 r - a scroll of recharging {unknown}
 t - a scroll of remove curse {unknown}
 x - a scroll of enchant armour {unknown}
 y - a scroll of enchant weapon I {unknown}
 A - a scroll of curse weapon {unknown}
Jewellery
 z - a +2 ring of evasion {unknown}
Potions
 f - a potion of paralysis {unknown}
 g - 3 potions of agility {unknown}
 h - a potion of might {unknown}
 i - a potion of mutation {unknown}
 m - a potion of confusion {unknown}
 s - a potion of restore abilities {unknown}
 v - 2 potions of heal wounds {unknown}
Books
 c - a book of Minor Magic

   Spells                             Type                      Level
   *Magic Dart                        Conjuration                  1
   *Blink                             Translocation                2
   *Call Imp                          Summoning                    2
   Repel Missiles                     Charms/Air                   2
   Slow                               Hexes                        2
   *Conjure Flame                     Conjuration/Fire             3
   Mephitic Cloud                     Conjuration/Poison/Air       3


   Skills:
 - Level 1.0 Fighting
 - Level 2.0 Dodging
 - Level 2.2 Stealth
 * Level 4.3 Spellcasting
 * Level 3.3 Conjurations
 * Level 2.2 Summonings
 * Level 1.7 Translocations


You had 4 spell levels left.
You knew the following spells:

 Your Spells              Type           Power        Failure   Level  Hunger
a - Magic Dart            Conj           ###.         4%          1    None
b - Blink                 Tloc           N/A          12%         2    #......
c - Call Imp              Summ           ##........   10%         2    #......
d - Conjure Flame         Conj/Fire      ##......     21%         3    ###....


Dungeon Overview and Level Annotations

Branches:
Dungeon (4/27)
 Temple: D:4-7

Altars:
Sif Muna


Message History

Casting: Call Imp
Confirm with . or Enter, or press ? or * to list all spells.
Aiming: Magic Dart
Press: ? - help, Shift-Dir - straight line, f - orc priest, p - orc
Aim: an orc priest, wielding an orcish flail and wearing an orcish chain mail The magic dart hits the orc priest.
The orc priest picks up a club.
The orc hits you with an orcish hammer!
Casting: Magic Dart
Confirm with . or Enter, or press ? or * to list all spells.
Aiming: Magic Dart
Press: ? - help, Shift-Dir - straight line, f/p - orc priest
Aim: an orc priest, wielding an orcish flail and wearing an orcish chain mail The magic dart hits the orc.
The orc is moderately wounded.
The orc priest mumbles some strange prayers to Beogh against you.
Something smites you!
* * * LOW HITPOINT WARNING * * *
The orc priest invokes the aid of Beogh against you.
Something smites you!
You die...

#...###########.
.######...##......# #.
...................###)
.#.....................
#...................#..
#.####.#....#.##.#..#..
#.#....#..%....#..
#.#....####.##.#.#
#@#....####.##.#.#
#o#......##.......
###.5....#.#######.#
#.o.....##.# #.# #
#.#####.##. #..
...###)#%##?....... ###
#.......)5......#
.......#o##o##.#...
##.#..#.# .# .


You could see an orc priest, an orc and a friendly shadow imp.

Vanquished Creatures
  An ogre (D:4)
  An adder (D:2)
  A worm (D:1)
  A giant eyeball (D:4)
  2 giant geckos
  An ooze (D:3)
  2 orcs (D:3)
  4 giant cockroaches
  6 hobgoblins
  3 kobolds
  2 quokkas
  6 bats
  3 giant newts
  6 goblins
  A quokka zombie (D:3)
  13 rats
53 creatures vanquished.

Vanquished Creatures (collateral kills)
  A hound (D:4)
  An orc wizard (D:4)
  A worker ant (D:4)
  An adder (D:4)
  An ooze (D:1)
  2 goblins
  A hobgoblin (D:1)
  A ball python (D:3)
  A bat (D:1)
10 creatures vanquished.

Vanquished Creatures (others)
  2 white imps (D:4)
2 creatures vanquished.

Grand Total: 65 creatures vanquished

Notes
Turn   | Place    | Note
--------------------------------------------------------------
     0 | D:1      | JogiH, the Djinni Wizard, began the quest for the Orb.
     0 | D:1      | Reached XP level 1. HP: 14/14 MP: 0/0
   400 | D:1      | Reached XP level 2. EP: 22/22
   404 | D:1      | Learned a level 2 spell: Blink
   407 | D:1      | Learned a level 2 spell: Call Imp
   455 | D:1      | Reached skill level 4 in Spellcasting
   738 | D:1      | HP: 1/23 [bat (1)]
  1421 | D:2      | Reached XP level 3. EP: 29/29
  1437 | D:2      | Learned a level 3 spell: Conjure Flame
  3080 | D:3      | Reached skill level 1 in Fighting
  3685 | D:3      | Found a deep blue altar of Sif Muna.
  3694 | D:3      | Became a worshipper of Sif Muna the Loreminder
  4076 | D:4      | Reached XP level 4. EP: 31/37
  4133 | D:4      | Noticed an ogre
  4380 | D:4      | Killed an ogre
  4380 | D:4      | Reached XP level 5. EP: 3/43
  4814 | D:4      | Killed from afar by an orc priest

Action                   |  1- 3 |  4- 6 || total
-------------------------+-------+-------++-------
Melee: Unarmed           |    12 |       ||    12
       Mace              |     2 |     4 ||     6
 Cast: Magic Dart        |   124 |    25 ||   149
       Call Imp          |    17 |     9 ||    26
       Conjure Flame     |       |     2 ||     2
  Use: Scroll            |     3 |       ||     3
 Stab: Distracted        |     1 |       ||     1
